AoeStats
← ivcrk826

Black Forest

506167626Analyzed
4v4 RM · 20d ago on Sep 12, 2026· 39m 25s· 8 players
Game mode
Random Map
Map size
Large (8 player)
Population
200
Speed
Normal
Resources
Standard
Victory
Conquest
Starting age
Dark Age
Ending age
Imperial Age
RankedLock teamsTeams togetherTeam positionsShared explorationLock speedFull tech treeHidden civsTurbo modeCheats
Victory
Defeat
🇦🇷 Persians · Argentina
1453
+12
🇻🇳 Japanese · Vietnam
1450
+12
🇦🇷 Malians · Argentina
1445
+12
🇩🇪 Chinese · Germany
1443
+12
🇹🇼 Byzantines · Taiwan
1384
-13
🇶🇦 Malay · Qatar
1383
-13
🇹🇼 Vietnamese · Taiwan
1337
-11
🇹🇼 Persians · Taiwan
1334
-11
taj
11:12 Feudal Age
15:00 Castle Age
13:26 Double-Bit Axe
13:24 Horse Collar
19:34 Bow Saw
30:11 Imperial Age
29:00 Wheelbarrow
28:39 Stone Mining
29:30 Scale Barding Armor
29:20 Gold Mining
29:50 Husbandry
30:01 Forging
30:55 Gold Shaft Mining
31:42 Conscription
32:17 Stone Shaft Mining
32:41 Chain Barding Armor
32:29 Fletching
33:44 Iron Casting
32:51 Elite Skirmisher
33:39 Imperial Skirmisher
34:40 Bodkin Arrow
34:46 Padded Archer Armor
35:53 Chemistry
36:03 Plate Barding Armor
35:35 Thumb Ring
36:43 Bracer
36:59 Logistica
37:37 Pikeman
38:18 Squires
38:19 Scale Mail Armor
38:35 Leather Archer Armor
40:06 Chain Mail Armor
39:14 Halberdier
David
0:42 Loom
12:19 Feudal Age
16:39 Castle Age
14:38 Double-Bit Axe
15:17 Horse Collar
17:42 Bow Saw
22:01 Wheelbarrow
21:44 Heavy Plow
23:17 Fletching
25:37 Crossbowman
30:15 Bodkin Arrow
30:20 Padded Archer Armor
32:15 Ballistics
Ray
0:39 Loom
11:11 Feudal Age
15:53 Castle Age
14:29 Double-Bit Axe
16:38 Horse Collar
17:11 Bow Saw
17:55 Heavy Plow
25:01 Wheelbarrow
27:50 Fishing Lines
32:12 Imperial Age
30:42 Gold Mining
30:43 Stone Mining
32:10 Gold Shaft Mining
31:43 Scale Barding Armor
32:02 Forging
31:16 Pikeman
32:10 Devotion
32:57 Bloodlines
32:47 Husbandry
33:10 Chain Barding Armor
32:53 Scale Mail Armor
33:55 Hoardings
35:10 Plate Barding Armor
35:11 Iron Casting
34:51 Chain Mail Armor
34:00 Pikeman
34:41 Squires
35:35 Stone Shaft Mining
36:56 Blast Furnace
35:19 Halberdier
36:22 Town Watch
38:38 Plate Mail Armor
37:59 Fletching
JanChess
1:19 Loom
10:52 Feudal Age
10:50 Double-Bit Axe
23:00 Horse Collar
26:51 Castle Age
27:24 Wheelbarrow
30:18 Imperial Age
27:52 Stone Mining
29:23 Gold Mining
29:08 Crossbowman
31:18 Chemistry
31:51 Fletching
32:02 Padded Archer Armor
31:50 Arbalester
33:08 Bodkin Arrow
34:21 Bow Saw
34:40 Bracer
37:11 Thumb Ring
Facetrollwakfu
0:26 Loom
11:54 Feudal Age
12:26 Double-Bit Axe
15:46 Castle Age
14:29 Horse Collar
17:57 Forging
18:01 Bow Saw
23:41 Gold Mining
25:21 Heavy Plow
26:01 Stone Mining
27:34 Wheelbarrow
31:37 Imperial Age
29:43 Fletching
30:28 Hand Cart
30:38 Bodkin Arrow
30:44 Padded Archer Armor
32:30 Leather Archer Armor
33:18 Chemistry
32:39 Ballistics
32:42 Conscription
32:21 Elite Chu Ko Nu
34:27 Gold Shaft Mining
35:43 Ring Archer Armor
35:14 Bracer
37:34 Two-Man Saw
39:29 Caravan
39:56 Forging
39:47 Scale Mail Armor
39:59 Masonry
39:45 Murder Holes
40:01 Fortified Wall
Juanki
4:33 Loom
12:18 Feudal Age
17:09 Castle Age
14:55 Double-Bit Axe
14:59 Fishing Lines
16:34 Wheelbarrow
20:21 Gillnets
21:28 Town Watch
26:08 Hand Cart
27:16 Bow Saw
26:47 Horse Collar
31:49 Imperial Age
30:35 Heavy Plow
30:48 Forging
30:43 Scale Barding Armor
30:38 Scale Mail Armor
32:59 Iron Casting
32:45 Chain Barding Armor
32:15 Fletching
32:35 Farimba
32:55 Conscription
32:50 Husbandry
33:01 Bloodlines
32:11 Cavalier
32:12 Heavy Camel Rider
32:59 Gold Mining
32:59 Stone Mining
35:15 Chemistry
33:56 Treadmill Crane
35:22 Chain Mail Armor
35:48 Plate Barding Armor
35:25 Murder Holes
35:40 Masonry
35:42 Fortified Wall
35:57 Masonry
36:07 Ballistics
38:34 Onager
ivcrk826
10:42 Feudal Age
15:13 Castle Age
13:33 Double-Bit Axe
16:52 Fishing Lines
19:02 Loom
23:26 Stone Mining
28:53 Imperial Age
26:35 Gillnets
26:59 Scale Barding Armor
27:56 Wheelbarrow
28:32 Stone Shaft Mining
27:50 Gold Mining
29:00 Chain Barding Armor
28:51 Forging
29:34 Conscription
29:45 Hand Cart
29:39 Elite War Elephant
31:56 Plate Barding Armor
31:56 Bloodlines
31:46 Husbandry
32:25 Iron Casting
34:17 Caravan
40:09 Citadels
ost.nostalgia
0:53 Loom
12:09 Feudal Age
15:52 Castle Age
14:36 Double-Bit Axe
14:33 Fishing Lines
17:16 Bow Saw
16:47 Horse Collar
16:59 Gillnets
18:02 Wheelbarrow
18:32 Scale Mail Armor
21:35 Chain Mail Armor
24:09 Forging
24:01 Heavy Plow
23:53 Gold Mining
27:06 Iron Casting
26:33 Squires
26:19 Arson
28:21 Stone Mining
29:08 Gold Shaft Mining
32:59 Imperial Age
32:11 Fletching
32:25 Yasama
32:43 Hand Cart
32:14 Town Watch
33:02 Bodkin Arrow
33:42 Elite Samurai
35:33 Plate Mail Armor
36:04 Blast Furnace
36:16 Conscription
38:16 Bracer
Connection lost

Rejoining the realm…

Still unreachable

The connection could not be restored.

Session expired

The server has moved on; the page needs a fresh start.